 Dungeon Crawl Stone Soup version 0.31.0-7-gf635a9b802 (webtiles) character file.

Game seed: 8590276491191195473

54245 GloriousHammer the Impaler (level 15, -2/128 HPs)
             Began as a Formicid Cinder Acolyte on Jan 23, 2024.
             Was a Follower of Ru.
             Slain by a fire elemental (4 damage)
             ... created by the fiery vengeance of Ignis
             ... while petrified
             ... on level 5 of the Lair of Beasts.
             The game lasted 00:59:58 (28570 turns).

GloriousHammer the Impaler (FoCA)                  Turns: 28570, Time: 00:59:59

Health: -2/128     AC: 21    Str: 24 (25) XL:     15   Next: 13%
Magic:  16/16      EV:  2    Int: 12 (13) God:    Ru [*.....]
Gold:   1119       SH:  0    Dex: 12 (13) Spells: 16/16 levels left

rFire   . . .        w - +2 trident (vamp)
rCold   . . .        T - +0 kite shield
rNeg    + + +        W - +3 plate armour {rF+}
rPois   ∞            (helmet unavailable)
rElec   .            (no cloak)
rCorr   +            l - +1 Delatra's gloves {ID++}
SInv    +            c - +1 pair of boots
Will    +....        (no amulet) Stlth
                     P - ring of poison resistance
HPRegen 0.41/turn    R - ring of resist corrosion
MPRegen 0.15/turn

%: no passive effects
@: petrified, fire susceptible
A: permanent stasis, dig shafts and tunnels, antennae 3, unskilled 1, four
strong arms, agile 1, deterioration 1, robust 1
a: Dig, Shaft Self, Renounce Religion


You were on level 5 of the Lair of Beasts.
You worshipped Ru.
Ru was aware of your devotion.
You visited 3 branches of the dungeon, and saw 16 of its levels.
You also visited: Bailey, Ice Cave and Volcano.

You collected 1119 gold pieces.

Inventory:

Hand Weapons
 d - the +3 rapier "Ycvymm" {holy, rN+ Will+ MP+9 Str+3 Int+4}
   (You took it off a spriggan in a bailey)

   Str+3:     It affects your strength (+3).
   Int+4:     It affects your intelligence (+4).
   rN+:       It protects you from negative energy.
   Will+:     It increases your willpower.
   MP+9:      It affects your magic capacity (+9).
 n - a +3 glaive of venom
 w - a +2 vampiric trident (weapon)
Missiles
 f - 2 curare-tipped darts
 k - 7 boomerangs (quivered)
 p - 11 silver javelins
 C - 13 poisoned darts
Armour
 c - a +1 pair of boots (worn)
 l - the +1 Delatra's gloves (worn) {ID++}
   (You found it on level 3 of the Dungeon)

   ID++:      It heals its wearer when they drink unknown potions, and restores
   their MP when they read unknown scrolls.
 E - a +0 crystal plate armour
 T - a +0 kite shield (worn)
 W - a +3 plate armour of fire resistance (worn)
Jewellery
 F - a ring of fire
 L - a ring of flight
 P - a ring of poison resistance (left hand)
 R - a ring of resist corrosion (right hand)
Wands
 x - a wand of polymorph (4)
 y - a wand of iceblast (19)
 J - a wand of flame (10)
 K - a wand of charming (12)
Scrolls
 g - 5 scrolls of fog
 h - 2 scrolls of poison
 i - a scroll of identify
 j - 3 scrolls of immolation
 q - 3 scrolls of silence
 s - 2 scrolls of revelation
 t - 2 scrolls of brand weapon
 v - 3 scrolls of noise
 z - 2 scrolls of amnesia
 B - a scroll of vulnerability
 G - 4 scrolls of fear
 I - 2 scrolls of enchant armour
Potions
 a - 3 potions of magic
 b - 2 potions of cancellation
 e - a potion of lignification {unknown}
 o - a potion of mutation
 r - 2 potions of enlightenment
 u - 2 potions of attraction
 D - 3 potions of brilliance
 H - 2 potions of degeneration {unknown}
 M - a potion of resistance
 N - 2 potions of berserk rage {unknown}
 S - 4 potions of heal wounds
Miscellaneous
 m - a condenser vane
 A - a phantom mirror
 O - a lightning rod (4/4)


   Skills:
 + Level 10.4 Fighting
 * Level 16.4 Polearms
 * Level 8.1 Armour
 + Level 3.8 Dodging
 + Level 10.6 Shields
 - Level 1.0 Spellcasting
 - Level 2.7 Fire Magic
 + Level 8.8 Evocations


You had 16 spell levels left.
You didn't know any spells.
Your spell library contained the following spells:

 Spells                   Type           Power      Damage    Failure   Level
 Scorch                   Fire           14%        2d5       97%         2
 Apportation              Tloc           0%         N/A       100%        1
 Magic Dart               Conj           0%         1d3       100%        1
 Necrotise                Necr           0%         1d4       100%        1
 Slow                     Hex            0%         N/A       100%        1
 Sting                    Conj/Alch      0%         1d3       100%        1
 Summon Small Mammal      Summ           0%         N/A       100%        1
 Call Imp                 Summ           0%         N/A       100%        2
 Ensorcelled Hibernation  Hex/Ice        0%         N/A       100%        2
 Jinxbite                 Hex            0%         N/A       100%        2
 Sublimation of Blood     Necr           0%         N/A       100%        2
 Confusing Touch          Hex            0%         N/A       100%        3
 Dazzling Flash           Conj/Hex       0%         N/A       100%        3
 Fugue of the Fallen      Necr           0%         N/A       100%        3
 Mephitic Cloud           Conj/Alch/Air  0%         N/A       100%        3
 Sigil of Binding         Hex            0%         N/A       100%        3
 Tukima's Dance           Hex            0%         N/A       100%        3
 Vampiric Draining        Necr           0%         2d6       100%        3
 Volatile Blastmotes      Fire/Tloc      6%         2d10      100%        3
 Anguish                  Hex/Necr       0%         N/A       100%        4
 Dimensional Bullseye     Hex/Tloc       0%         N/A       100%        4
 Fulminant Prism          Conj/Alch      0%         3d5       100%        4
 Iskenderun's Mystic Bla  Conj/Tloc      0%         2d3       100%        4
 Leda's Liquefaction      Alch/Erth      0%         N/A       100%        4
 Curse of Agony           Necr           0%         N/A       100%        5
 Lee's Rapid Deconstruct  Erth           0%         3d4*      100%        5
 Silence                  Hex/Air        0%         N/A       100%        5
 Yara's Violent Unravell  Hex/Alch       0%         3d3       100%        5
 Bombard                  Conj/Erth      0%         9d1       100%        6
 Starburst                Conj/Fire      1%         6d3       100%        6
 Enfeeble                 Hex            0%         N/A       100%        7
 Summon Hydra             Summ           0%         N/A       100%        7
 Maxwell's Capacitive Co  Air            0%         ∞         100%        8
 Blink                    Tloc           Unusable   N/A       N/A         2

Dungeon Overview and Level Annotations

Branches:
Dungeon (10/15)            Temple (1/1) D:5            Lair (5/5) D:9
 Shoals (0/4) Lair:3        Snake (0/4) Lair:2        Slime (0/5) Lair:4
 Bailey (visited)           IceCv (visited)         Volcano (visited)
    Orc: D:9-12

Altars:
Ashenzari
Cheibriados
Dithmenos
Elyvilon
Fedhas
Gozag
Hepliaklqana
Kikubaaqudgha
Makhleb
Nemelex Xobeh
Okawaru
Qazlal
Ru
Sif Muna
Trog
Uskayaw
Vehumet
Wu Jian
Xom
Yredelemnul
Zin
The Shining One
Jiyva

Annotations:
D:2 1 runed translucent door, Crazy Yiuf
D:6 exclusion: downstairs
Lair:4 1 runed translucent door


Innate Abilities, Weirdness & Mutations

You cannot be hasted, slowed, berserked, paralysed or teleported.
You can dig through walls and to a lower floor.
You have a pair of large antennae on your head. (SInv)
You are somewhat unskilled. (-1 Apt)
Your four strong arms can wield two-handed weapons with a shield.
You are agile. (Dex +4, Str/Int -1)
Your body sometimes deteriorates upon taking damage.
You are robust. (+10% HP)


Message History

The catoblepas is severely wounded.
The wolf bites you but does no damage. x2
You puncture the catoblepas!
You feel better.
The catoblepas is severely wounded.
You block the wolf's attack. x2
The catoblepas breathes a plume of calcifying dust at you.
The blast of calcifying dust hits you but does no damage.
A rime drake comes into view.
The rime drake hisses angrily.
You block the wolf's attack. The rime drake breathes ice at you.
The icy flash freeze hits you!
Your body deteriorates!
You feel weakened.
You are encased in ice.
The catoblepas gores you. You block the wolf's attack. x2
You see here a steam dragon corpse.
You puncture the catoblepas!
You feel better.
The catoblepas is almost dead.
The wolf bites you but does no damage. The wolf bites you.
The catoblepas gores you!
Your body deteriorates!
You feel clumsy.
You hit the catoblepas but do no damage.
The catoblepas is almost dead.
The wolf bites you but does no damage. You block the wolf's attack.
The catoblepas breathes a plume of calcifying dust at you.
The blast of calcifying dust hits you but does no damage.
You puncture the catoblepas!
You feel better.
You kill the catoblepas!
You are engulfed in calcifying dust.
You are slowing down.
The ice encasing you melts away. The wolf bites you. The wolf bites you!
The rime drake breathes ice at you. The icy flash freeze hits you!
You are encased in ice.
You block the wolf's attack.
The wolf bites you but does no damage. x2; You block the wolf's attack.
The wolf is stunned by your conviction and fails to attack.
You block the wolf's attack. The wolf barely misses you.
The wolf bites you but does no damage.
Your limbs are stiffening.
You see here a harpy corpse.
You closely miss the wolf. The wolf barely misses you.
You block the wolf's attack.
The wolf barely misses you. "With a thousand fires I burned cities, but these will suffice for you!"
You have turned to stone. 3 fire elementals come into view.
The ice encasing you melts away. The wolf bites you.
The rime drake is engulfed in calcifying dust.
The rime drake is moving more slowly.
The rime drake bites you but does no damage.
The wolf bites you. x2
The wolf bites you. The wolf bites you but does no damage.
The rime drake bites you but does no damage.
The wolf bites you but does no damage. The wolf barely misses you.
The fire elemental hits you. The fire elemental burns you!
The rime drake bites you but does no damage.
The wolf bites you but does no damage. x2
The fire elemental barely misses you. The fire elemental hits you.
The fire elemental burns you! The fire elemental hits you.
The fire elemental burns you!
The rime drake bites you but does no damage.
The wolf bites you but does no damage. The wolf bites you.
The fire elemental hits you. The fire elemental burns you!
* * * LOW HITPOINT WARNING * * *
The wolf bites you but does no damage. The fire elemental hits you.
The fire elemental burns you!
* * * LOW HITPOINT WARNING * * *
The fire elemental hits you. The fire elemental burns you!
* * * LOW HITPOINT WARNING * * *
The wolf bites you.
The rime drake bites you but does no damage.
The rime drake stops moving altogether!
The wolf bites you but does no damage. The wolf bites you!
* * * LOW HITPOINT WARNING * * *
The fire elemental barely misses you.
The fire elemental is stunned by your conviction and fails to attack.
The fire elemental hits you. The fire elemental burns you!
* * * LOW HITPOINT WARNING * * *
The wolf bites you but does no damage. The wolf bites you.
* * * LOW HITPOINT WARNING * * *
The fire elemental hits you. The fire elemental burns you!
* * * LOW HITPOINT WARNING * * *
The fire elemental hits you. The fire elemental burns you!
* * * LOW HITPOINT WARNING * * *
The fire elemental hits you. The fire elemental burns you!
* * * LOW HITPOINT WARNING * * *
The wolf bites you but does no damage. x2; The fire elemental hits you. x3
The fire elemental burns you!
* * * LOW HITPOINT WARNING * * *
The wolf bites you but does no damage.
You redirect the wolf's attack!
The wolf barely misses itself.
The wolf bites you but does no damage.
The fire elemental completely misses you.
The wolf bites you but does no damage. The fire elemental hits you.
The fire elemental burns you!
* * * LOW HITPOINT WARNING * * *
The fire elemental barely misses you.
The wolf bites you but does no damage. x2
The fire elemental hits you. The fire elemental burns you!
You die...

....# #P. .~~# .P..#
###..## ~#~.~# ...###
#.....# ~~#.~#
.....###.....## .~~~.
......#.#.....####~~~ ~
..##.......#P....~~# ~~#
..##.[........(...~#P~~#
.###....#P.#...hkE.~~~..
.###.......#...E@h..~~..
..............##E..~.~..
...#.........##.#.......
P.P..P....#.#.## .......
...........#### .......
#..##........ ....#..
######........ .......
######...# P...## ####


You could see a rime drake (petrified), 3 fire elementals and 2 wolves.

Vanquished Creatures
  Rupert (Lair:4)
  A red draconian (Volcano)
  A dire elephant (Lair:5)
  A hydra (Lair:5)
  2 catoblepae
  An anaconda (Lair:4)
  Urug (Lair:2)
  2 two-headed ogres
  Amaemon (Lair:1)
  A skyshark (Lair:5)
  2 bog bodies (IceCv)
  A harpy (Lair:5)
  A deep elf pyromancer (Volcano)
  A manticore (D:10)
  2 salamanders (Volcano)
  3 cyclopes (Volcano)
  14 elephants
  4 black mambas
  An ice statue (IceCv)
  5 molten gargoyles (Volcano)
  2 gargoyles (Volcano)
  Jeremiah (Lair:1)
  An orange demon (Lair:1)
  8 komodo dragons
  9 cane toads
  A freezing wraith (IceCv)
  4 rime drakes
  An anaconda simulacrum (IceCv)
  2 polar bears
  25 blink frogs
  Grinder (D:3)
  6 dream sheep (Lair:4)
  9 wyverns
  7 fire elementals (Lair:4)
  5 spriggans (Bailey)
  3 fire bats (Lair:3)
  A shadow (D:9)
  36 yaks
  5 basilisks
  2 death yak simulacra (IceCv)
  10 steam dragons
  Grum (Lair:1)
  An acid dragon (Bailey)
  A naga (Lair:1)
  25 water moccasins
  An ice beast (D:5)
  2 black bears
  A sky beast (D:6)
  5 ogres
  17 wolves
  6 centaurs
  A phantom (D:6)
  2 kobold brigands
  18 bullfrogs
  2 gnoll sergeants (D:10)
  2 cane toad simulacra (IceCv)
  3 scorpions
  7 two-headed ogre simulacra (IceCv)
  20 wights
  16 killer bees
  4 electric eels
  2 howler monkeys
  3 lava snakes (Lair:3)
  2 bombardier beetles
  2 jellies
  A gnoll bouda (D:7)
  2 orc priests
  3 hounds
  An iguana (D:5)
  4 orc wizards
  8 troll simulacra (IceCv)
  3 polar bear simulacra (IceCv)
  2 spriggan simulacra (IceCv)
  2 wolf simulacra (IceCv)
  Robin (D:3)
  7 adders
  17 gnolls
  4 naga simulacra (IceCv)
  2 shadow imps (D:6)
  20 white imps
  6 ufetubi (IceCv)
  A ribbon worm (D:5)
  14 orcs
  5 ball pythons
  2 bats
  5 endoplasms
  A giant cockroach (D:1)
  18 goblins
  12 hobgoblins
  3 jackals (D:2)
  16 kobolds
  2 quokkas
  A frilled lizard (D:1)
  5 rats
497 creatures vanquished.

Vanquished Creatures (others)
  A cane toad (Lair:2)
  A steam dragon (Lair:5)
  A wight (D:7)
  A jelly (D:7)
  15 foxfires (D:3)
19 creatures vanquished.

Grand Total: 516 creatures vanquished

Notes
Turn   | Place    | Note
-------+----------+-------------------------------------------
     0 | D:1      | GloriousHammer the Formicid Cinder Acolyte began the quest
                  | for the Orb.
     0 | D:1      | Reached XP level 1. HP: 18/18 MP: 2/2
   489 | D:1      | Reached XP level 2. HP: 24/24 MP: 3/3
   663 | D:1      | Reached skill level 1 in Armour
   863 | D:1      | Reached XP level 3. HP: 24/29 MP: 4/4
  1076 | D:2      | Found a sacrificial altar of Ru.
  1166 | D:2      | Reached skill level 4 in Polearms
  1263 | D:2      | Found a runed translucent door.
  1264 | D:2      | Noticed Crazy Yiuf
  1354 | D:2      | Reached XP level 4. HP: 32/35 MP: 5/5
  1863 | D:3      | Found the +1 Delatra's gloves {ID++}
  1873 | D:3      | Noticed Grinder
  1885 | D:3      | Killed Grinder
  1886 | D:3      | Reached skill level 6 in Polearms
  1886 | D:3      | Reached XP level 5. HP: 39/41 MP: 6/6
  1886 | D:3      | Reached XP level 6. HP: 44/47 MP: 7/7
  1903 | D:3      | Found a faded altar of an unknown god.
  1927 | D:3      | Found an ancient bone altar of Kikubaaqudgha.
  2213 | D:3      | Noticed Robin
  2448 | D:3      | Killed Robin
  2904 | D:3      | Found a shadowy altar of Dithmenos.
  2904 | D:3      | Noticed a shadow
  2908 | D:3      | Found a hazy altar of Hepliaklqana.
  3681 | D:4      | Reached XP level 7. HP: 41/52 MP: 8/8
  3698 | D:4      | Reached skill level 7 in Polearms
  4282 | D:5      | Entered Level 5 of the Dungeon
  4863 | D:5      | Found a staircase to the Ecumenical Temple.
  4891 | D:5      | Reached XP level 8. HP: 61/61 MP: 9/9
  4892 | Temple   | Entered the Ecumenical Temple
  5792 | D:6      | Reached skill level 8 in Polearms
  5966 | D:6      | Reached skill level 5 in Fighting
  6414 | D:6      | Reached skill level 9 in Polearms
  6484 | D:6      | Reached XP level 9. HP: 69/69 MP: 10/10
  7147 | D:6      | Reached skill level 5 in Armour
  8074 | D:7      | Reached skill level 10 in Polearms
  8760 | D:7      | Found a sparkling altar of Nemelex Xobeh.
  8801 | D:7      | Found a glowing silver altar of Zin.
  9122 | D:8      | Reached XP level 10. HP: 42/79 MP: 11/11
  9390 | D:8      | Reached skill level 11 in Polearms
  9667 | D:8      | Found a flagged portal.
  9705 | Bailey   | Entered a bailey
 10099 | Bailey   | Identified the +3 rapier "Ycvymm" {holy, rN+ Will+ MP+9
                  | Str+3 Int+4}
 10331 | Bailey   | Noticed a two-headed ogre
 10346 | Bailey   | Killed a two-headed ogre
 10492 | Bailey   | Reached skill level 12 in Polearms
 11058 | D:8      | Reached XP level 11. HP: 60/87 MP: 12/12
 11895 | D:9      | Found a staircase to the Lair.
 11934 | D:9      | Reached skill level 13 in Polearms
 12193 | D:9      | Noticed a two-headed ogre
 12210 | D:9      | Killed a two-headed ogre
 12969 | D:10     | Entered Level 10 of the Dungeon
 12998 | D:10     | Reached skill level 14 in Polearms
 13257 | D:10     | Found an opulent altar of Gozag.
 13357 | D:10     | Noticed a manticore
 13734 | D:10     | Killed a manticore
 14370 | Lair:1   | Entered Level 1 of the Lair of Beasts
 14371 | Lair:1   | Upgraded the game from 0.31.0-4-g52a2dc7128 to
                  | 0.31.0-7-gf635a9b802
 14409 | Lair:1   | Reached skill level 1 in Shields
 14489 | Lair:1   | Noticed Grum
 14508 | Lair:1   | Killed Grum
 14582 | Lair:1   | Reached skill level 1 in Evocations
 14710 | Lair:1   | Found a dark tunnel.
 14725 | Volcano  | Entered a volcano
 14730 | Volcano  | Noticed a salamander
 14740 | Volcano  | Killed a salamander
 14767 | Volcano  | Reached XP level 12. HP: 42/94 MP: 13/13
 15702 | Volcano  | Reached skill level 5 in Shields
 15935 | Volcano  | Noticed a red draconian
 15955 | Volcano  | Killed a red draconian
 15956 | Volcano  | Reached skill level 15 in Polearms
 15982 | Volcano  | Reached skill level 5 in Evocations
 16165 | Volcano  | Noticed an orb of fire
 16201 | Volcano  | Noticed an orb of fire
 16662 | Lair:1   | Noticed Jeremiah
 16682 | Lair:1   | Killed Jeremiah
 16832 | Lair:1   | Noticed Amaemon
 16856 | Lair:1   | Killed Amaemon
 18018 | Lair:2   | Found a staircase to the Snake Pit.
 18365 | Lair:1   | Reached XP level 13. HP: 74/100 MP: 14/14
 18543 | Lair:2   | Reached skill level 1 in Dodging
 19107 | Lair:2   | Noticed Urug
 19124 | Lair:2   | Killed Urug
 19401 | Lair:2   | Noticed a catoblepas
 19438 | Lair:2   | Killed a catoblepas
 19439 | Lair:2   | Reached skill level 16 in Polearms
 20230 | Lair:3   | Found a frozen archway.
 20252 | IceCv    | Entered an ice cave
 22382 | IceCv    | Reached skill level 10 in Fighting
 23357 | Lair:3   | Found a staircase to the Shoals.
 23438 | Lair:3   | Reached XP level 14. HP: 110/110 MP: 15/15
 23929 | Lair:3   | Reached skill level 10 in Shields
 24105 | Lair:3   | Gained mutation: Your body sometimes deteriorates upon
                  | taking damage. [potion of mutation]
 24105 | Lair:3   | Gained mutation: You are robust. (+10% HP) [potion of
                  | mutation]
 24105 | Lair:3   | Gained mutation: You are agile. (Dex +4, Str/Int -1)
                  | [potion of mutation]
 24999 | Temple   | Fell from the grace of Ignis
 24999 | Temple   | Became a worshipper of Ru the Awakened
 25164 | Lair:3   | Reached skill level 17 in Polearms
 25846 | Lair:4   | Found a runed translucent door.
 25846 | Lair:4   | Found a viscous altar of Jiyva.
 25848 | Lair:4   | Noticed an azure jelly
 25851 | Lair:4   | Found a staircase to the Slime Pits.
 25852 | Lair:4   | Noticed an azure jelly
 26065 | Lair:4   | Noticed Rupert
 26074 | Lair:4   | Killed Rupert
 27179 | Lair:5   | Entered Level 5 of the Lair of Beasts
 27676 | Lair:5   | Noticed a dire elephant
 27702 | Lair:5   | Killed a dire elephant
 28325 | Lair:5   | Gained mutation: You are somewhat unskilled. (-1 Apt) [Ru
                  | sacrifice]
 28325 | Lair:5   | Reduced skill Fighting to level 10
 28325 | Lair:5   | Reduced skill Polearms to level 16
 28325 | Lair:5   | Reduced skill Shields to level 10
 28325 | Lair:5   | Reached * piety under Ru
 28423 | Lair:5   | Reached XP level 15. HP: 78/127 MP: 16/16
 28568 | Lair:5   | HP: 4/128 [fire elemental[the fiery vengeance of Ignis]
                  | (5)]
 28569 | Lair:5   | HP: 1/128 [fire elemental[the fiery vengeance of Ignis]
                  | (3)]
 28570 | Lair:5   | Slain by a fire elemental

Illustrated notes

Levels and vault maps discovered:
D:1:      grunt_arrival_crossed_arrows, layout_basic, serial_glass,
          glass_columns_a, glass_columns_c, hangedman_decor_diamond_cutter,
          serial_bayou_lake_a
D:2:      layout_basic, basic_altar, hex_intersection, uniq_crazy_yiuf_cottage
D:3:      layout_loops_corners, riverfiend_overflow_shadow_ancestor,
          nicolae_overflow_ecumenical_swirl, uniq_robin, uniq_grinder
D:4:      layout_basic, minmay_a_box_with_orc_wizards_in_it
D:5:      layout_gridville, minmay_temple_entry_gardened_gates,
          bh_walls_and_bars
D:6:      layout_loops_ring, nicolae_water_bricks, kennysheep_generic_room_9
D:7:      layout_cave_pools, zin_scriptorium, kennysheep_mini_moat, minivault_5
D:8:      layout_loops_ring, enter_bailey_3, minivault_14,
          palyth_stone_intersect
D:9:      layout_loops_ring, david_lair_generic
D:10:     layout_irregular_city, nicolae_gozag_seed_capital
Temple:   nicolae_temple_slightly_damp_pantheon
Lair:1:   layout_long_grid, enter_volcano_4, minivault_23, uniq_amaemon,
          uniq_grum, uniq_jeremiah
Lair:2:   layout_long_grid, guppyfry_snake_entry_island,
          minmay_stone_trees_medium, lemuel_fruit_tree, uniq_urug
Lair:3:   layout_hall_layers, minmay_shoals_entry_centaurs,
          portal_ice_cave_entry_imps, nicolae_lair_liquid_snakes,
          grunt_megastairs_5
Lair:4:   beast_lair_carwin_large_3, layout_loops_ring, slime_entry_2,
          chequers_serial_rivers_small_b, nicolae_quartered_pool_medium,
          uniq_rupert
Lair:5:   gammafunk_lair_ancient_temple, layout_loops_ring,
          bobbens_dragon_lair_wall

Skill      XL: |  1  2  3  4  5  6  7  8  9 10 11 12 13 14 15 |
---------------+----------------------------------------------+-----
Armour         | 1 2 4 6 7 8 7 8 |  8.1
Polearms       | 4 6 7 9 10 12 14 15 16 16 | 16.4
Fighting       | 4 5 7 8 10 10 | 10.4
Shields        | 3 8 9 10 | 10.6
Evocations     | 2 6 8 8 |  8.8
Dodging        | 3 3 |  3.8
Fire Magic     | 2 |  2.7
Spellcasting   | |  1.0

Action                     |  1- 3 |  4- 6 |  7- 9 | 10-12 | 13-15 || total
---------------------------+-------+-------+-------+-------+-------++-------
  Melee: Spear             |   116 |   113 |   105 |   353 |       ||   687
         Trident           |       |    83 |   300 |   630 |   747 ||  1760
         Punch             |       |     1 |     6 |     4 |       ||    11
         Unarmed           |       |       |       |    21 |       ||    21
         Glaive            |       |       |       |       |   515 ||   515
   Fire: Sling             |       |       |     3 |       |       ||     3
  Throw: Boomerang         |       |       |       |       |     6 ||     6
 Invoke: Fiery Armour      |       |     1 |     1 |     2 |     2 ||     6
         Foxfire Swarm     |       |     1 |       |       |       ||     1
         Sacrifice Skill   |       |       |       |       |     1 ||     1
Ability: Dig               |       |       |     1 |       |       ||     1
  Evoke: Wand              |       |       |     1 |     3 |     8 ||    12
         Lightning rod     |       |       |       |       |     1 ||     1
         Phantom mirror    |       |       |       |       |     1 ||     1
    Use: Scroll            |       |       |     7 |     4 |    11 ||    22
         Potion            |       |       |     3 |     2 |     4 ||     9
   Stab: Confused          |       |       |       |     1 |       ||     1
         Distracted        |       |       |       |       |     4 ||     4
         Paralysed         |       |       |       |       |     1 ||     1
         Petrified         |       |       |       |       |     5 ||     5
 Armour: Scale mail        |    50 |   142 |    26 |       |       ||   218
         Robe              |     2 |       |       |       |       ||     2
         Plate armour      |       |       |   289 |   589 |   992 ||  1870
         Fire dragon scale |       |       |       |    62 |       ||    62
         Skin              |       |       |       |    25 |    16 ||    41
         Ice dragon scales |       |       |       |       |    59 ||    59
  Dodge: Dodged            |    27 |    83 |    98 |   244 |   314 ||   766
  Block: Kite shield       |       |       |       |    95 |   665 ||   760
